 Dungeon Crawl Stone Soup version 0.28.0-45-g0d030f2227 (webtiles) character file.

Game seed: 15767779511038745610

41 sking99 the Grasshopper (level 3, -2/29 HPs)
             Began as a Palentonga Warper on May 21, 2022.
             Slain by Natasha (5 damage)
             ... on level 2 of the Dungeon.
             The game lasted 00:03:28 (1551 turns).

sking99 the Grasshopper (Palentonga Warper)         Turns: 1551, Time: 00:03:29

Health: -2/29      AC:  4    Str: 16    XL:     3   Next: 32%
Magic:  6/6        EV:  9    Int: 13    God:
Gold:   43         SH:  5    Dex:  9    Spells: 1/6 levels left

rFire   . . .      SeeInvis +   a - +0 mace
rCold   . . .      Faith    .   (no shield)
rNeg    . . .      Spirit   .   b - +0 leather armour
rPois   .          Reflect  +   (no helmet)
rElec   .          Harm     .   (no cloak)
rCorr   .          Rampage  .   (no gloves)
Will    .....                   (no barding)
Stlth   +.........              e - amulet of reflection
HPRegen 0.09/turn               (no ring)
MPRegen 0.10/turn               (no ring)

@: slowed, very slow
A: large, rugged brown scales 3, see invisible, deformed body, roll 1, armoured
tail
a: Rolling Charge


You were on level 2 of the Dungeon.
You visited 1 branch of the dungeon, and saw 2 of its levels.

You collected 43 gold pieces.

Inventory:

Hand Weapons
 a - a +0 mace (weapon)
Missiles
 d - 5 boomerangs of dispersal (quivered)
Armour
 b - a +0 leather armour (worn)
Jewellery
 e - an amulet of reflection (around neck)
Scrolls
 c - a scroll of blinking
 f - a scroll of teleportation {unknown}
 h - a scroll of enchant armour {unknown}
 i - a scroll of fear {unknown}
Potions
 g - a potion of brilliance {unknown}
 j - a potion of degeneration {unknown}


   Skills:
 + Level 2.4 Fighting
 * Level 2.8 Maces & Flails
 - Level 0.6 Throwing
 + Level 1.2 Armour
 - Level 1.5 Dodging
 - Level 2.0 Spellcasting
 + Level 3.3 Translocations


You had one spell level left.
You knew the following spells:

 Your Spells              Type           Power      Damage    Failure   Level
a - Blink                 Tloc           18%        N/A       12%         2
b - Lesser Beckoning      Tloc           9%         N/A       24%         3

Your spell library contained the following spells:

 Spells                   Type           Power      Damage    Failure   Level
 Gell's Gravitas          Tloc           9%         N/A       24%         3
 Teleport Other           Tloc           9%         N/A       24%         3
 Manifold Assault         Tloc           9%         N/A       92%         5


Dungeon Overview and Level Annotations

Branches:
Dungeon (2/15)

Altars:

Annotations:
D:2 Natasha


Innate Abilities, Weirdness & Mutations

You are completely covered in rugged brown scales. (AC +3, +7% HP)
You have supernaturally acute eyesight. (SInv)
Armour fits poorly on your strangely shaped body.
You can roll at nearby foes to attack.
You have a long armoured tail.


Message History

Natasha, Servant of Life and Death comes into view.
Natasha is nearby!
Natasha stares at you and mumbles some strange words.
The magic dart hits you.
Roll where?
Press: ? - help, Dir - move target, f - Natasha
Aim: Natasha You roll forward with a clatter of scales!
You closely miss Natasha. Natasha claws you.
A kobold comes into view. It is wielding a +0 short sword.
Natasha barely misses you.
You hit Natasha but do no damage.
Natasha stares at you and mumbles some strange words.
You feel yourself slow down.
You closely miss Natasha. Natasha claws you. Natasha barely misses you.
You miss Natasha. Natasha closely misses you. Natasha barely misses you.
You barely miss Natasha. Natasha barely misses you. Natasha claws you.
You barely miss Natasha. Natasha claws you.
Natasha howls an incantation.
Natasha glows brightly for a moment.
Natasha casts a spell at you. You resist with significant effort.
You barely miss Natasha.
Your tail-slap misses Natasha.
Natasha casts a spell.
You barely miss Natasha. Natasha misses you. Natasha barely misses you.
You sock Natasha!
Natasha is severely wounded.
Natasha claws you. The crimson imp barely misses you. Natasha claws you.
You miss Natasha.
Natasha is severely wounded.
The crimson imp barely misses you.
Natasha drinks a potion.
Natasha is healed!
The crimson imp hits you. Natasha claws you.
* * * LOW HITPOINT WARNING * * *
Unknown command.
You barely miss Natasha. The crimson imp hits you.
* * * LOW HITPOINT WARNING * * *
Natasha casts a spell.
The crimson imp hits you but does no damage.
Natasha claws you.
You die...

... ... .. .. 5#
##.#####K# ####
.......#h#.....
#......@5...#.
#..###........# #######
#. #.#.#..### #.....#
#..###.#.# .... #######
#.###.# #.....#.# ....
#......
##.###.#######.##.##.###
#.##### ....†...).#
#.......# #.#
.#####.##.# ###...###
#.# .# #.##.# #...#
###.####


You could see an iron imp (summoned), Natasha, a crimson imp (summoned) and a
kobold.

Vanquished Creatures
  2 endoplasms
  3 goblins
  4 hobgoblins
  6 jackals (D:1)
  2 kobolds (D:1)
  2 quokkas (D:1)
  10 ball pythons
  3 bats
  2 frilled lizards
  A rat (D:2)
35 creatures vanquished.

Notes
Turn   | Place    | Note
-------+----------+-------------------------------------------
     0 | D:1      | sking99 the Palentonga Warper began the quest for the Orb.
     0 | D:1      | Reached XP level 1. HP: 17/17 MP: 3/3
   306 | D:1      | Reached skill level 1 in Armour
   307 | D:1      | Reached XP level 2. HP: 22/23 MP: 5/5
   316 | D:1      | Learned a level 2 spell: Blink
   955 | D:1      | Found a faded altar of an unknown god.
  1134 | D:2      | Reached XP level 3. HP: 29/29 MP: 6/6
  1140 | D:2      | Learned a level 3 spell: Lesser Beckoning
  1538 | D:2      | Noticed Natasha
  1551 | D:2      | Slain by Natasha

Illustrated notes

Levels and vault maps discovered:
D:1:      minmay_arrival_jagged, layout_loops_cross,
          shapermc_ecumenical_altar_petra, due_unseen_surprise
D:2:      layout_loops_cross, uniq_natasha, uniq_crazy_yiuf_cottage

Skill      XL: |  1 |
---------------+----+-----
Armour         | 1 |  1.2
Fighting       | |  2.4
Maces & Flails | |  2.8
Throwing       | |  0.6
Dodging        | |  1.5
Spellcasting   | |  2.0
Translocations | |  3.3

Action                   || total
-------------------------++-------
Melee: Mace              ||    98
       Tailslap          ||     9
       Punch             ||     1
 Cast: Blink             ||     6
 Abil: Rolling Charge    ||    11
Armor: Leather armour    ||    44
Dodge: Dodged            ||    55
Block: Other             ||    24
